 Dungeon Crawl Stone Soup version 0.30-a0-371-gad7725a93e (webtiles) character file.

Game seed: 17604656296512431442

27 freelancePsychic the Cudgeller (level 2, 0/16 (23) HPs)
             Began as a Minotaur Reaver on Nov 21, 2022.
             Was a Follower of Hepliaklqana.
             Slain by Terence
             ... wielding a +0 hand axe
              (6 damage)
             ... on level 2 of the Dungeon.
             The game lasted 00:03:21 (494 turns).

freelancePsychic the Cudgeller (Minotaur Reaver)     Turns: 494, Time: 00:03:21

HP:   0/16 (23)     AC:  3    Str: 16    XL:     2   Next: 93%
MP:   0/3           EV: 11    Int: 10    God:    Hepliaklqana [*.....]
Gold: 3             SH:  0    Dex:  8    Spells: 2/3 levels left

rFire   . . .      SeeInvis .    a - +0 mace
rCold   . . .      Faith    .    (no shield)
rNeg    . . .      Spirit   .    b - +0 leather armour
rPois   .          Reflect  .    (helmet restricted)
rElec   .          Harm     .    (no cloak)
rCorr   .          Rampage  .    (no gloves)
Will    .....                    (no boots)
Stlth   +.........               (no amulet)
HPRegen 0.22/turn                (no ring)
MPRegen 0.08/turn                (no ring)

@: very slightly contaminated, very heavily drained
A: reduced essence, horns 2, retaliatory headbutt
a: Renounce Religion, Recall Ancestor, Ancestor Identity


You were on level 2 of the Dungeon.
You worshipped Hepliaklqana.
Hepliaklqana was aware of your devotion.
You visited 1 branch of the dungeon, and saw 4 of its levels.

You collected 3 gold pieces.

Inventory:

Hand Weapons
 a - a +0 mace (weapon)
Armour
 b - a +0 leather armour (worn)
Scrolls
 d - a scroll of amnesia
Potions
 e - a potion of degeneration


   Skills:
 + Level 3.1 Fighting
 * Level 4.6 Maces & Flails
 - Level 2.1 Dodging
 - Level 1.3 Spellcasting
 - Level 2.1 Conjurations


You had 2 spell levels left.
You knew the following spells:

 Your Spells              Type           Power      Damage    Failure   Level
a - Kiss of Death         Conj/Necr      8%         2d6       26%         1

Your spell library contained the following spells:

 Spells                   Type           Power      Damage    Failure   Level
 Momentum Strike          Conj/Tloc      4%         3d8       36%         2
 Cigotuvi's Dreadful Rot  Necr/Pois/Air  0%         N/A       52%         2
 Poisonous Vapours        Pois/Air       0%         N/A       52%         2
 Hailstorm                Conj/Ice       2%         3d3       61%         3
 Mephitic Cloud           Conj/Pois/Air  2%         N/A       67%         3


Dungeon Overview and Level Annotations

Branches:
Dungeon (4/15)
 Temple: D:4-7

Altars:
Hepliaklqana

Annotations:
D:2 Terence
D:3 Grinder


Innate Abilities, Weirdness & Mutations

Your life essence is reduced to manifest your ancestor. (-10% HP)
You have a pair of horns on your head.
You reflexively headbutt those who attack you in melee.


Message History

Confirm with . or Enter, or press ? or * to list all spells.
Aiming: Kiss of Death (safe; 26% risk of failure)
Press: ? - help, Shift-Dir - straight line, f/p - Terence
Aim: Terence, wielding a +0 hand axe and wearing a +0 chain mail of fire resistance (moderately wounded, heavily drained, 100% to hit)
The negative energy hits Terence.
Terence is drained!
Terence is heavily wounded.
You feel drained. The endoplasm freezes you.
You are frozen.
Terence closely misses you.
Casting: Kiss of Death (safe; 26% risk of failure)
Confirm with . or Enter, or press ? or * to list all spells.
Aiming: Kiss of Death (safe; 26% risk of failure)
Press: ? - help, Shift-Dir - straight line, f/p - Terence
Aim: Terence, wielding a +0 hand axe and wearing a +0 chain mail of fire resistance (heavily wounded, heavily drained, 100% to hit)
You miscast Kiss of Death.
You are very lightly contaminated with residual magic.
Nothing appears to happen.
The endoplasm barely misses you. You furiously retaliate!
You headbutt the endoplasm!
You kill the endoplasm!
Terence barely misses you.
Casting: Kiss of Death (safe; 26% risk of failure)
Confirm with . or Enter, or press ? or * to list all spells.
You don't have enough magic to cast this spell.
You closely miss Terence. Your headbutt misses Terence.
Terence is heavily wounded.
Terence hits you with a +0 hand axe!
* * * LOW HITPOINT WARNING * * *
Okay, then.
It was a potion of curing.
You feel better. Terence hits you with a +0 hand axe.
You hit Terence.
Terence is severely wounded.
Terence barely misses you.
You hit Terence but do no damage.
Terence is severely wounded.
Terence barely misses you. x2
You barely miss Terence.
Terence is heavily wounded.
Terence hits you with a +0 hand axe.
You die...

..........#######.#
...###...#........#
[..# ###.#........#
...# #..........#
...# ##.........#
...# ##........#
...# #.......##
#.......# #......@#
+.....@.# #.......#
#.......# #########


You could see Terence (very drained).

Vanquished Creatures
  An adder (D:3)
  2 dart slugs
  2 endoplasms
  3 ball pythons (D:3)
  A frilled lizard (D:1)
  2 goblins
11 creatures vanquished.

Vanquished Creatures (collateral kills)
  A dart slug (D:3)
  A kobold (D:2)
2 creatures vanquished.

Vanquished Creatures (others)
  An ancestor (D:3)
1 creature vanquished.

Grand Total: 14 creatures vanquished

Notes
Turn   | Place    | Note
-------+----------+-------------------------------------------
     0 | D:1      | freelancePsychic the Minotaur Reaver began the quest for
                  | the Orb.
     0 | D:1      | Reached XP level 1. HP: 18/18 MP: 1/1
    39 | D:1      | You fall into a shaft and drop 1 floor!
    50 | D:2      | Noticed Terence
   129 | D:2      | Reached skill level 4 in Maces & Flails
   182 | D:2      | Found a faded altar of an unknown god.
   190 | D:2      | Prayed at the altar of an unknown god.
   190 | D:2      | Became a worshipper of Hepliaklqana the Forgotten
   190 | D:2      | Reached * piety under Hepliaklqana
   280 | D:3      | Reached XP level 2. HP: 18/22 MP: 3/3
   444 | D:3      | Noticed Grinder
   471 | D:4      | Noticed an ice beast
   494 | D:2      | Slain by Terence

Illustrated notes

Levels and vault maps discovered:
D:1:      minmay_arrival_split_and_join, layout_basic
D:2:      layout_basic, basic_ecumenical_altar, uniq_terence
D:3:      layout_rooms, ebering_ghost_rock_garden, uniq_grinder, uniq_ijyb,
          uniq_robin
D:4:      layout_cave_pools, lemuel_coloured_pillars_altar, serial_undead,
          serial_undead_e, serial_undead_c, serial_undead_c, serial_undead_c,
          serial_undead_a, serial_undead_b, minmay_shop_grid_forest,
          minmay_crossroads, uniq_crazy_yiuf_cottage, uniq_blork_the_orc

Skill      XL: |  1  2 |
---------------+-------+-----
Maces & Flails | 4 |  4.6
Fighting       | 3 |  3.1
Dodging        | |  2.1
Spellcasting   | |  1.3
Conjurations   | |  2.1

Action                   || total
-------------------------++-------
Melee: Mace              ||    26
       Headbutt          ||     5
       Punch             ||     1
 Cast: Kiss of Death     ||     2
Invok: Ancestor Identity ||     1
       Recall Ancestor   ||     1
  Use: Potion            ||     2
       Scroll            ||     2
Armor: Leather armour    ||     9
Dodge: Dodged            ||    33

Table legend: (Time is in decaauts)
 A = Elapsed time spent in this place.
 B = Non-inter-level travel time spent in this place.
 C = Inter-level travel time spent in this place.
 D = Time resting spent in this place.
 E = Time spent auto-exploring this place.
 F = Levels seen in this place.
 G = Mean time per level.
                   A        B        C        D        E       F      G
               +--------+--------+--------+--------+--------+-----+--------+
         Total |    485 |    485 |      0 |      0 |    281 |   4 |  121.2 |
       Dungeon |    485 |    485 |      0 |      0 |    281 |   4 |  121.2 |
               +--------+--------+--------+--------+--------+-----+--------+

Top non-repeatable levels by time:
     D:2: 233 daAuts
     D:3: 204 daAuts
     D:1: 39 daAuts
     D:4: 7 daAuts
